 Dungeon Crawl Stone Soup version 0.29.1-15-g9cfb28693d (webtiles) character file.

Game seed: 13366006927456730207

104 asdfasdf the Trooper (level 4, 0/41 HPs)
             Began as a Hill Orc Fighter on Apr 29, 2023.
             Slain by a goblin
             ... wielding a +0 dagger
              (1 damage)
             ... on level 3 of the Dungeon.
             The game lasted 00:03:46 (2025 turns).

asdfasdf the Trooper (Hill Orc Fighter)             Turns: 2025, Time: 00:03:46

Health: 0/41       AC: 20    Str: 20    XL:     4   Next: 80%
Magic:  4/4        EV:  7    Int:  8    God:
Gold:   104        SH:  4    Dex: 10    Spells: 3/3 levels left

rFire   . . .      SeeInvis .   k - +1 mace (protect)
rCold   . . .      Faith    .   c - +0 buckler
rNeg    . . .      Spirit   .   q - +0 chain mail
rPois   .          Reflect  .   o - +0 helmet
rElec   .          Harm     .   i - +2 cloak
rCorr   .          Rampage  .   (no gloves)
Will    .....                   (no boots)
Stlth   ..........              (no amulet)
HPRegen 0.13/turn               (no ring)
MPRegen 0.09/turn               (no ring)

@: mighty, lethally poisoned (0 -> -3), under a protective aura
A: no striking features
a: no special abilities


You were on level 3 of the Dungeon.
You visited 1 branch of the dungeon, and saw 3 of its levels.

You collected 104 gold pieces.

Inventory:

Hand Weapons
 k - a +1 mace of protection (weapon)
Armour
 c - a +0 buckler (worn)
 i - a +2 cloak (worn)
 o - a +0 helmet (worn)
 q - a +0 chain mail (worn)
Jewellery
 n - a ring of positive energy
Scrolls
 e - 3 scrolls of identify {unknown}
 f - a scroll of enchant weapon {unknown}
 h - a scroll of enchant armour {unknown}
 j - a scroll of torment {unknown}
 r - 2 scrolls of poison {unknown}
 s - a scroll of teleportation {unknown}
Potions
 a - a potion of degeneration {unknown}
 b - a potion of invisibility {unknown}
 d - a potion of might
 g - a potion of cancellation {unknown}
 l - a potion of heal wounds {unknown}
 m - a potion of curing {unknown}
 p - a potion of attraction {unknown}


   Skills:
 + Level 4.3 Fighting
 + Level 3.7(4.1) Axes
 + Level 1.8(2.7) Maces & Flails
 + Level 4.0 Armour
 + Level 0.1 Dodging
 + Level 0.1 Stealth
 + Level 3.6 Shields


You had 3 spell levels left.
You didn't know any spells.
Your spell library contained the following spells:

 Spells                   Type           Power      Damage    Failure   Level
 Magic Dart               Conj           0%         1d3       99%         1
 Searing Ray              Conj           0%         2d4       100%        2
 Tukima's Dance           Hex            0%         N/A       100%        3
 Fulminant Prism          Conj/Hex       0%         3d6       100%        4
 Passage of Golubria      Tloc           0%         N/A       100%        4
 Yara's Violent Unravell  Hex/Tmut       0%         3d3       100%        5


Dungeon Overview and Level Annotations

Branches:
Dungeon (3/15)

Altars:


Message History

The jackal bites you but does no damage.
Ijyb hits you but does no damage. The goblin barely misses you.
The hobgoblin closely misses you.
You hit Ijyb.
Ijyb is severely wounded.
You feel sick. The jackal barely misses you. Ijyb hits you but does no damage.
You are more poisoned.
The goblin hits you but does no damage.
The hobgoblin hits you but does no damage.
The jackal bites you but does no damage.
You sock Ijyb!
You kill Ijyb!
* * * LOW HITPOINT WARNING * * *
You feel very sick.
The jackal bites you but does no damage.
The goblin barely misses you. You block the hobgoblin's attack.
The jackal barely misses you.
Your base Maces & Flails skill increases to level 1!
You hit the goblin.
You kill the goblin!
* * * LOW HITPOINT WARNING * * *
You feel very sick. The goblin hits you but does no damage.
The hobgoblin hits you.
* * * LOW HITPOINT WARNING * * *
You block the jackal's attack.
The hobgoblin hits you but does no damage.
The goblin misses you. The jackal bites you.
* * * LOW HITPOINT WARNING * * *
You feel very mighty all of a sudden.
* * * LOW HITPOINT WARNING * * *
You feel sick.
The jackal bites you but does no damage.
You block the goblin's attack.
The hobgoblin hits you but does no damage.
You closely miss the hobgoblin.
* * * LOW HITPOINT WARNING * * *
You feel sick.
The jackal bites you but does no damage.
The goblin hits you with a +0 dagger.
You die...

############ #≈≈
......gg...# #≈≈
......)@...# #≈≈####
......h#...#
#≈≈...##########...#
#≈≈...#............#
#≈≈...#............#
#≈≈..##'##.....##'##
#≈≈..#...#.....#...#
#≈≈..#...#)....#...#
#≈≈..#...#.....#...#


You could see a jackal, a hobgoblin and a goblin.

Vanquished Creatures
  Ijyb (D:3)
  2 adders
  5 bats
  3 endoplasms
  5 giant cockroaches
  12 goblins
  6 hobgoblins
  2 jackals (D:3)
  3 quokkas
  4 ball pythons
  A frilled lizard (D:1)
  4 kobolds (D:1)
  10 rats
58 creatures vanquished.

Notes
Turn   | Place    | Note
-------+----------+-------------------------------------------
     0 | D:1      | asdfasdf the Hill Orc Fighter began the quest for the Orb.
     0 | D:1      | Reached XP level 1. HP: 19/19 MP: 1/1
   159 | D:1      | Reached XP level 2. HP: 26/27 MP: 2/2
   498 | D:1      | Reached XP level 3. HP: 33/33 MP: 3/3
   749 | D:1      | Found a faded altar of an unknown god.
  1760 | D:3      | Reached XP level 4. HP: 40/40 MP: 4/4
  2004 | D:3      | Noticed Ijyb
  2022 | D:3      | Killed Ijyb
  2023 | D:3      | Reached skill level 1 in Maces & Flails
  2024 | D:3      | HP: 2/41 [poisoned by Ijyb]
  2025 | D:3      | Slain by a goblin

Illustrated notes

Levels and vault maps discovered:
D:1:      beargit_arrival_greenhouse, layout_basic,
          ebering_ecumenical_altar_rust, minmay_worlds_worst_comb
D:2:      layout_loops_ring
D:3:      kennysheep_goblin_castle, layout_loops_cross, minmay_misc_feat_columns

Skill      XL: |  1  2  3  4 |
---------------+-------------+-----
Fighting       | 4 |  4.3
Axes           | 3 |  3.7
Armour         | 4 |  4.0
Maces & Flails | 1 |  1.8
Dodging        | |  0.1
Stealth        | |  0.1
Shields        | |  3.6

Action                   |  1- 3 |  4- 6 || total
-------------------------+-------+-------++-------
Melee: War axe           |    63 |       ||    63
       Mace              |    45 |    49 ||    94
  Use: Potion            |       |     1 ||     1
Armor: Scale mail        |    56 |       ||    56
       Chain mail        |    11 |    83 ||    94
Dodge: Dodged            |    63 |    38 ||   101
Block: Buckler           |    28 |    23 ||    51
